 Dungeon Crawl Stone Soup version 0.21.1-1-g345015f (webtiles) character file.

11 Iko the Grave Robber (level 2, -1/14 HPs)
             Began as a Spriggan Necromancer on June 15, 2018.
             Slain by an adder (2 damage)
             ... on level 2 of the Dungeon.
             The game lasted 00:02:14 (240 turns).

Iko the Grave Robber (Spriggan Necromancer)          Turns: 240, Time: 00:02:15

Health: -1/14      AC:  4    Str:  4    XL:     2   Next: 17%
Magic:  0/7        EV: 18    Int: 16    God:
Gold:   42         SH:  0    Dex: 16    Spells: 4/6 levels left

rFire    . . .     SeeInvis +   g - +0 hand axe
rCold    . . .     Gourm    .   (shield restricted)
rNeg     + . .     Faith    .   a - +0 robe
rPois    .         Spirit   .   (helmet restricted)
rElec    .         Reflect  .   (no cloak)
rCorr    .         Harm     .   (gloves unavailable)
MR       .....                  (boots unavailable)
Stlth    +++.......             (no amulet)
HPRegen  0.04/turn              d - ring of positive energy
MPRegen  0.10/turn              (no ring)

@: hasted, very quick
A: very small, unfitting armour, claws 1, thin metallic scales 1, see invisible,
herbivore, speed 3, high mp 1, robust 1, slow metabolism 2
a: no special abilities


You were on level 2 of the Dungeon.
You were not hungry.

You visited 1 branch of the dungeon, and saw 2 of its levels.

You collected 42 gold pieces.

Inventory:

Hand Weapons
 g - a +0 hand axe (weapon)
Armour
 a - a +0 robe (worn)
Jewellery
 d - a ring of positive energy (left claw)
Potions
 f - a potion of mutation
Books
 b - a book of Necromancy

   Spells                             Type                      Level
   a - Pain                           Necromancy                   1
   b - Animate Skeleton               Necromancy                   1
   c - Vampiric Draining              Necromancy                   3
   d - Regeneration                   Charms/Necromancy            3
   e - Animate Dead                   Necromancy                   4
   f - Borgnjor's Vile Clutch         Necromancy/Earth             5
Comestibles
 c - 2 rations


   Skills:
 + Level 3.0 Dodging
 + Level 3.4 Stealth
 + Level 2.7 Spellcasting
 + Level 4.0 Necromancy


You had 4 spell levels left.
You knew the following spells:

 Your Spells              Type           Power        Failure   Level  Hunger
a - Pain                  Necr           ##..         3%          1    #......
b - Animate Skeleton      Necr           N/A          3%          1    #......


Dungeon Overview and Level Annotations

Branches:
Dungeon (2/15)

Altars:


Innate Abilities, Weirdness & Mutations

You are very small and have problems with some larger weapons.
You are too small for most types of armour.
You have supernaturally acute eyesight. (SInv)
You are a herbivore.
You cover ground extremely quickly.
You need consume almost no food.
You have sharp fingernails.
You are partially covered in thin metallic scales. (AC +2)
You have an increased reservoir of magic. (+10% MP)
You are robust. (+10% HP)


Message History

Confirm with . or Enter, or press ? or * to list all spells.
Aiming: Pain
Press: ? - help, Shift-Dir - straight line, f - adder
Aim: an adder (resting, chance to defeat MR: 79%)
The adder hisses angrily.
The adder writhes in agony!
Casting: Pain
Confirm with . or Enter, or press ? or * to list all spells.
Aiming: Pain
Press: ? - help, Shift-Dir - straight line, f/p - adder
Aim: an adder (heavily wounded, chance to defeat MR: 79%)
The adder writhes in agony!
Casting: Pain
Confirm with . or Enter, or press ? or * to list all spells.
Aiming: Pain
Press: ? - help, Shift-Dir - straight line, f/p - adder
Aim: an adder (heavily wounded, chance to defeat MR: 79%)
The adder barely resists.
The adder bites you.
You die...

## ..
####.# #
#....#
..
#.####.#
#.#....#
#.@S.#
######


You could see an adder.

Vanquished Creatures
  A dart slug (D:1)
  A leopard gecko (D:2)
  A bat (D:1)
  A giant cockroach (D:2)
  A hobgoblin (D:2)
  A ball python (D:1)
  2 kobolds
8 creatures vanquished.

Notes
Turn   | Place    | Note
-------+----------+-------------------------------------------
     0 | D:1      | Iko the Spriggan Necromancer began the quest for the Orb.
     0 | D:1      | Reached XP level 1. HP: 9/9 MP: 5/5
    93 | D:1      | Gained mutation: You have sharp fingernails. [potion of mutation]
    93 | D:1      | Gained mutation: You are partially covered in thin metallic scales. (AC +2) [potion of mutation]
    93 | D:1      | Gained mutation: You have an increased reservoir of magic. (+10% MP) [potion of mutation]
    93 | D:1      | Gained mutation: You are robust. (+10% HP) [potion of mutation]
   175 | D:2      | Reached XP level 2. HP: 2/14 MP: 2/7
   222 | D:2      | Reached skill level 4 in Necromancy
   234 | D:2      | Learned a level 1 spell: Animate Skeleton
   240 | D:2      | Slain by an adder

Skill      XL: |  1  2 |
---------------+-------+-----
Necromancy     | 4 |  4.0
Dodging        | |  3.0
Stealth        | |  3.4
Spellcasting   | |  2.7

Action                   || total
-------------------------++-------
Melee: Short sword       ||     3
       Hand axe          ||     4
 Cast: Pain              ||    14
  Use: Potion            ||     4
       Scroll            ||     1
Armor: Robe              ||     1
Dodge: Dodged            ||     6
